 Dungeon Crawl Stone Soup version 0.31-a0-574-g69dc8cc98e (webtiles) character file.

Game seed: 3148554316557773540

2522 hohey the Ruffian (level 9, 68/68 HPs)
             Began as a Demonspawn Shapeshifter on Aug 18, 2023.
             Was a Priest of Lugonu.
             Quit the game on level 6 of the Dungeon.
             The game lasted 00:15:09 (6126 turns).

hohey the Ruffian (Demonspawn Shapeshifter)         Turns: 6126, Time: 00:15:10

Health: 68/68      AC: 10    Str: 19    XL:     9   Next: 29%
Magic:  11/11      EV: 11    Int: 10    God:    Lugonu [***...]
Gold:   216        SH:  0    Dex: 20    Spells: 8/8 levels left

rFire   . .          .
                       - Unarmed
rCold   . . .        (shield currently unavailable)
rNeg    . . .        n - +0 scale mail
rPois   .            (helmet restricted)
rElec   .            (no cloak)
rCorr   .            (no gloves)
SInv    .            (no boots)
Will    .....        (no amulet) Stlth
                     y - +6 ring of dexterity
HPRegen 0.31/turn    z - +4 ring of protection
MPRegen 0.12/turn

%: no passive effects
@: flux-form, glowing, studying Earth Magic
A: glow, contaminating, antennae 1, hooves 2, demonic guardian 2, demonic touch
2
a: Begin Untransformation, Renounce Religion, Depart the Abyss, Banish


You were on level 6 of the Dungeon.
You worshipped Lugonu.
Lugonu was most pleased with you.
You were something dangerously unstable.
You visited 1 branch of the dungeon, and saw 6 of its levels.

You collected 236 gold pieces.
You spent 20 gold pieces at shops.

Inventory:

Hand Weapons
 a - a +1 sling
 h - a +0 dagger
 k - a +0 whip
 o - a +3 vampiric dagger
Armour
 e - a +0 animal skin
 n - a +0 scale mail (worn)
 p - a +2 helmet
 A - a +0 cloak
Jewellery
 w - a ring of ice
 x - a +6 ring of intelligence
 y - a +6 ring of dexterity (left hand)
 z - a +4 ring of protection (right hand)
 E - a ring of ice
 F - a ring of resist corrosion
Talismans
 c - a beast talisman
 d - a flux talisman (active)
Scrolls
 g - a scroll of blinking
 i - 4 scrolls of identify
 l - 3 scrolls of teleportation {unknown}
 r - a scroll of noise {unknown}
 t - 2 scrolls of enchant weapon
 u - 2 scrolls of immolation {unknown}
 v - 2 scrolls of enchant armour {unknown}
 B - a scroll of butterflies {unknown}
 C - a scroll of poison {unknown}
 G - a scroll of fear {unknown}
Potions
 b - a potion of attraction
 f - a potion of cancellation
 j - a potion of haste
 m - a potion of heal wounds
 q - 2 potions of resistance
 s - a potion of ambrosia
 D - 3 potions of curing {unknown}


   Skills:
 + Level 5.5 Fighting
 + Level 3.2 Dodging
 * Level 7.8 Unarmed Combat
 - Level 3.3 Invocations
 - Level 6.0 Shapeshifting


You had 8 spell levels left.
You didn't know any spells.
Your spell library contained the following spells:

 Spells                   Type           Power      Damage    Failure   Level
 Necrotise                Necr           0%         1d4       77%         1
 Vampiric Draining        Necr           0%         2d6       98%         3
 Agony                    Necr           0%         N/A       100%        5
 Fireball                 Conj/Fire      0%         3d3       100%        5
 Iskenderun's Battlesphe  Conj           0%         2d6       100%        5
 Conjure Ball Lightning   Conj/Air       0%         3x3d6     100%        6
 Orb of Destruction       Conj           0%         9d5       100%        7


Dungeon Overview and Level Annotations

Branches:
Dungeon (6/15)             Temple (0/1) D:6

Altars:
Fedhas
Vehumet
Xom
Lugonu

Shops:
D:6 *

Annotations:
D:4 Dowan, Sigmund


Innate Abilities, Weirdness & Mutations

You are something dangerously unstable.
You glow with magical radiation, making you easy to see and hit.
Foes you strike become dangerously contaminated with magical radiation.
You are incapable of wielding weapons or throwing items.
You have a pair of small antennae on your head.
You have hoof-like feet.
A demonic guardian rushes to your aid.
Your touch may inflict irresistible damage on your foes.


Message History

The black bear is almost dead.
You hit the black bear but do no damage.
The black bear shudders as magic cascades through it!!
You kill the black bear!
Lugonu accepts your kill.
You hit the gnoll bouda.
The gnoll bouda begins to glow.
Your kick misses the gnoll bouda.
The gnoll bouda is moderately wounded.
The gnoll bouda hits you with a +0 club.
You punch the gnoll bouda!
The gnoll bouda glows dangerously bright.
Your kick misses the gnoll bouda.
You touch the gnoll bouda!
You kill the gnoll bouda!
Lugonu accepts your kill.
No target in view!
An orc priest comes into view. It is wielding a +0 short sword.
The orc priest shouts!
The orc priest looks satisfied for a moment.
Items here: ) [ ††.
The orc priest hits you but does no damage.
You hit the orc priest but do no damage.
The orc priest begins to glow.
You touch the orc priest!
The orc priest is severely wounded.
The orc priest calls down the wrath of Beogh upon you.
You struggle to resist.
You barely miss the orc priest. You kick the orc priest.
The orc priest is almost dead.
You hit the orc priest.
The orc priest glows dangerously bright.
You touch the orc priest.
You kill the orc priest!
Lugonu accepts your kill.
Found a radiant altar of Vehumet.
You now have 216 gold pieces (gained 10).
Found a blossoming altar of Fedhas.
Things that are here:
a +0 short sword; a +0 scale mail; an orc corpse Done exploring.
Done exploring.
Are you sure you want to abandon this character and quit the game? (Confirm with "yes".)

#........................###.#
#.
#.########................##.#
## #.#
#......######....##.#### #.#
#.....##...⌠#....##.##~~ #.#
#.....#.._..#8'8.##.#..^ #.#
#.....#.######.#.##.#♣.. #.#
###.#.#.....'..#.##.⌠..♣ ..#
#.#.#..)..'..#....#.§§ ###
#...#B######.#....#♣§§
##..#.._..#8'8..#.##.^
##.##...⌠#....##.###~
#..######....##...##
#............####...
############## ####


There were no monsters in sight!

Vanquished Creatures
  A yak (D:5)
  A steam dragon (D:6)
  Edmund (D:6)
  Menkaure (D:5)
  An orc warrior (D:6)
  An ice beast (D:6)
  A black bear (D:6)
  3 ogres
  2 centaurs (D:6)
  A phantom (D:6)
  Blork the orc (D:6)
  A bullfrog (D:6)
  2 scorpions
  5 wights (D:6)
  2 gnoll boudas (D:6)
  3 hounds
  2 orc priests (D:6)
  A sleepcap (D:4)
  Terence (D:2)
  3 iguanas (D:5)
  3 orc wizards
  Robin (D:2)
  6 gnolls
  10 adders
  A shadow imp (D:3)
  3 white imps
  An ufetubus (D:5)
  A worm (D:5)
  7 dart slugs
  16 orcs
  8 bats
  5 endoplasms
  5 giant cockroaches (D:3)
  9 goblins
  A hobgoblin (D:1)
  5 jackals
  2 quokkas
  4 ball pythons
  5 frilled lizards
  7 kobolds
  6 rats
140 creatures vanquished.

Vanquished Creatures (collateral kills)
  An orc wizard (D:6)
1 creature vanquished.

Grand Total: 141 creatures vanquished

Notes
Turn   | Place    | Note
-------+----------+-------------------------------------------
     0 | D:1      | hohey the Demonspawn Shapeshifter began the quest for the
                  | Orb.
     0 | D:1      | Reached XP level 1. HP: 15/15 MP: 1/1
    64 | D:1      | Found a faded altar of an unknown god.
    79 | D:1      | Prayed at the altar of an unknown god.
    79 | D:1      | Became a worshipper of Lugonu the Unformed
    79 | D:1      | Reached * piety under Lugonu
   104 | D:1      | Reached skill level 3 in Unarmed Combat
   105 | D:1      | Discovered your monstrous ancestry.
   105 | D:1      | Gained mutation: You have large cloven feet. [demonic
                  | ancestry]
   105 | D:1      | Reached XP level 2. HP: 21/21 MP: 2/2
   787 | D:2      | Gained mutation: Your touch may inflict minor irresistible
                  | damage on your foes. [demonic ancestry]
   787 | D:2      | Reached XP level 3. HP: 26/26 MP: 3/3
   797 | D:2      | Reached ** piety under Lugonu
   815 | D:2      | Noticed Terence
   823 | D:2      | Killed Terence
   826 | D:2      | Noticed Robin
   829 | D:2      | Killed Robin
   830 | D:2      | Reached XP level 4. HP: 31/33 MP: 4/4
  1318 | D:2      | Reached skill level 4 in Unarmed Combat
  2133 | D:3      | You fall into a shaft and drop 2 floors!
  2133 | D:5      | Entered Level 5 of the Dungeon
  2293 | D:5      | Gained mutation: You have hoof-like feet. [demonic
                  | ancestry]
  2293 | D:5      | Reached XP level 5. HP: 16/39 MP: 5/5
  2459 | D:5      | Noticed a yak
  2471 | D:5      | Killed a yak
  2472 | D:5      | Gained mutation: Your touch may inflict irresistible damage
                  | on your foes. [demonic ancestry]
  2472 | D:5      | Reached XP level 6. HP: 13/47 MP: 6/6
  2605 | D:5      | Reached skill level 5 in Unarmed Combat
  3107 | D:3      | Reached *** piety under Lugonu
  3401 | D:4      | Noticed Dowan
  3502 | D:4      | Gained mutation: You have a pair of small antennae on your
                  | head. [demonic ancestry]
  3502 | D:4      | Reached XP level 7. HP: 45/52 MP: 7/7
  3575 | D:4      | Noticed Sigmund
  3769 | D:5      | Reached skill level 1 in Invocations
  4530 | D:5      | Reached skill level 6 in Unarmed Combat
  4603 | D:6      | Found Seimad's General Store.
  4603 | D:6      | Found Etuasugh's Specific Store.
  4648 | D:6      | Gained mutation: A weak demonic guardian rushes to your
                  | aid. [demonic ancestry]
  4648 | D:6      | Reached XP level 8. HP: 46/61 MP: 10/10
  4705 | D:6      | Bought a scroll of identify for 20 gold pieces
  4963 | D:6      | Reached skill level 5 in Shapeshifting
  5051 | D:6      | Noticed Blork the orc
  5054 | D:6      | Killed Blork the orc
  5084 | D:6      | Noticed Edmund
  5101 | D:6      | Killed Edmund
  5101 | D:6      | Reached **** piety under Lugonu
  5102 | D:6      | Reached skill level 7 in Unarmed Combat
  5297 | D:6      | Reached skill level 5 in Fighting
  5297 | D:6      | Gained mutation: A demonic guardian rushes to your aid.
                  | [demonic ancestry]
  5297 | D:6      | Reached XP level 9. HP: 56/68 MP: 11/11
  5356 | D:6      | Found a staircase to the Ecumenical Temple.
  5359 | D:6      | Noticed Menkaure
  5492 | D:5      | Killed Menkaure
  5873 | D:6      | Found a large runed translucent door.
  5874 | D:6      | Found a large runed translucent door.
  5904 | D:6      | Found a shimmering altar of Xom.
  5908 | D:6      | Found a shimmering altar of Xom.
  5910 | D:6      | Found a shimmering altar of Xom.
  6121 | D:6      | Found a radiant altar of Vehumet.
  6125 | D:6      | Found a blossoming altar of Fedhas.
  6126 | D:6      | Quit the game

Illustrated notes

Levels and vault maps discovered:
D:1:      nicolae_arrival_washed_ashore, layout_rooms,
          hellmonk_ecumenical_altar_dog_temple, hangedman_decor_points
D:2:      layout_basic, grunt_ministairs_6, corexii_hall_statues_t,
          chequers_serial_rivers_large_b, uniq_terence, uniq_robin
D:3:      layout_loops_ring, serial_bayou_pond_a,
          hangedman_decor_clover_reticule, kennysheep_generic_room_12
D:4:      layout_basic, chequers_hall_statues_y, uniq_eustachio, uniq_sigmund,
          uniq_duvessa
D:5:      layout_basic, minmay_manual_maat
D:6:      layout_loops_ring, xom_redecorated, jmf_multi_god_temple2,
          minmay_temple_entry_trees, nicolae_specific_store, uniq_menkaure,
          uniq_edmund, uniq_blork_the_orc

Skill      XL: |  1  2  3  4  5  6  7  8  9 |
---------------+----------------------------+-----
Unarmed Combat | 3 4 5 6 7 |  7.8
Shapeshifting  | 3 4 6 |  6.0
Fighting       | 2 3 4 5 |  5.5
Invocations    | 2 3 |  3.3
Dodging        | 2 3 |  3.2

Action                     |  1- 3 |  4- 6 |  7- 9 || total
---------------------------+-------+-------+-------++-------
  Melee: Whip              |     2 |       |       ||     2
         Unarmed           |    10 |    76 |   144 ||   230
         Touch             |     3 |    12 |    33 ||    48
         Kick              |     2 |    21 |    49 ||    72
         Punch             |       |       |     6 ||     6
   Fire: Sling             |    64 |    96 |    12 ||   172
    Use: Scroll            |       |     3 |     5 ||     8
         Potion            |       |       |     1 ||     1
 Armour: Animal skin       |    12 |       |       ||    12
         Scale mail        |     2 |    46 |    43 ||    91
  Dodge: Dodged            |    21 |    54 |    49 ||   124
   Form: Flux              |       |       |     1 ||     1

Table legend: (Time is in decaauts)
 A = Elapsed time spent in this place.
 B = Non-inter-level travel time spent in this place.
 C = Inter-level travel time spent in this place.
 D = Time resting spent in this place.
 E = Time spent auto-exploring this place.
 F = Levels seen in this place.
 G = Mean time per level.
                   A        B        C        D        E       F      G
               +--------+--------+--------+--------+--------+-----+--------+
         Total |   6189 |   5937 |    252 |    586 |   4334 |   6 | 1031.5 |
       Dungeon |   6189 |   5937 |    252 |    586 |   4334 |   6 | 1031.5 |
               +--------+--------+--------+--------+--------+-----+--------+

Top non-repeatable levels by time:
     D:5: 1663 daAuts
     D:2: 1302 daAuts
     D:6: 1298 daAuts
     D:1: 767 daAuts
     D:3: 725 daAuts
     D:4: 433 daAuts
